Cogmind - Beta 10.2 @@@ ROGUE MODE // 2022.03.07 @ 15:33:50 Player: Dizzar Result: Destroyed by D-53 Grenadier with Mini Grenade Launcher Performance ------------- Evolutions (0) 0 Regions Visited (4) 800 Robots Destroyed (10) 50 Value Destroyed (148) 148 Prototype IDs (25) 500 Alien Tech Used (0) 0 Bonus (300) 300 TOTAL SCORE: 1798 Bonus ------- Aligned with FarCom 300 Cogmind --------- Core Integrity 0/250 Matter 111/300 Energy 94/100 System Corruption 1% Temperature Cool (0) Movement Core (100) Ox1 Location -9/Mines Parts ------- > --- POWER (1) -------- (None) > --- PROPULSION (2) --- (None) > --- UTILITY (2) ------ Small Storage Unit > --- WEAPON (2) ------- (None) > --- INVENTORY (6) ---- Ion Engine Skeleton Box Assault Rifle Assault Rifle Rocket Launcher Peak State ------------ > --- POWER ------------ Ion Engine > --- PROPULSION ------- Aluminum Leg Aluminum Leg > --- UTILITY ---------- Small Storage Unit Sensor Array > --- WEAPON ----------- Assault Rifle Rocket Launcher > --- INVENTORY -------- Ion Engine Light Treads Skeleton Box EM Pulse Gun Assault Rifle Grenade Launcher [Rating: 9] Favorites ----------- Power Ion Engine Engine Ion Engine Propulsion Aluminum Leg Treads Light Treads Leg Aluminum Leg Utility Small Storage Unit Device Sensor Array Storage Small Storage Unit Weapon EM Pulse Gun Energy Gun EM Pulse Gun Ballistic Gun Assault Rifle Launcher Grenade Launcher Build | -11 -10 -10 -10 -9 ------- Run | Scr Mat Min Exi Min Slots Evolved . | . . . . . Power . | . . . . . Propulsion . | . . . . . Utility . | . . . . . Weapon . | . . . . . Parts Attached 13 | 6 3 . . 4 Power 2 | 1 1 . . . Engine 2 | 1 1 . . . Core . | . . . . . Reactor . | . . . . . Propulsion 4 | 2 1 . . 1 Treads 1 | . . . . 1 Leg 3 | 2 1 . . . Wheel . | . . . . . Hover . | . . . . . Flight . | . . . . . Utility 2 | 1 1 . . . Device 1 | . 1 . . . Storage 1 | 1 . . . . Processor . | . . . . . Hackware . | . . . . . Protection . | . . . . . Artifact . | . . . . . Weapon 5 | 2 . . . 3 Energy Gun 2 | 1 . . . 1 Energy Cannon . | . . . . . Ballistic Gun 1 | 1 . . . . Ballistic Cannon . | . . . . . Launcher 2 | . . . . 2 Special Weapon . | . . . . . Impact Weapon . | . . . . . Slashing Weapon . | . . . . . Piercing Weapon . | . . . . . Special Melee Weapon . | . . . . . Unidentified Prototypes . | . . . . . Parts Lost 5 | . . . . 5 Power 1 | . . . . 1 Propulsion 1 | . . . . 1 Utility 1 | . . . . 1 Weapon 2 | . . . . 2 Highest Loss Streak 5 | . . . . 5 Average Slot Usage (%) 97 | . 97 100 100 94 Engine 13 | . 13 14 14 13 Leg 27 | . 27 28 28 23 Device 13 | . 12 14 14 13 Storage 14 | . 14 14 14 14 Energy Gun 13 | . 14 14 14 10 Ballistic Gun 13 | . 14 14 14 10 Naked Turns . | . . . . . Heaviest Build 17 | 13 14 14 14 17 Greatest Support 20 | 20 20 20 20 20 Greatest Overweight (x) 4 | 4 . . . 1 Average Overweight (x) . | . . . . . Largest Inventory Capacity 6 | 6 6 6 6 6 Average Capacity 5 | 5 6 6 6 6 Most Carried 6 | 4 6 6 6 6 Average Carried 5 | 2 4 6 6 5 Final Capacity 6 | 6 6 6 6 6 Final Carried 6 | 4 6 6 6 5 Class Distribution -------------------- 91% | Mutant 8% | Skirmisher Dominant Class ---------------- Mutant | -10/Materials Mutant | -10/Mines Mutant | -10/Exiles Skirmisher | -9/Mines Resources | -11 -10 -10 -10 -9 ----------- Run | Scr Mat Min Exi Min Matter Collected 331 | 236 54 41 . . Remotely . | . . . . . Salvage Created 284 | . 166 30 . 88 Parts 21 | . 10 5 . 6 Haulers Intercepted . | . . . . . Recyclers Shooed . | . . . . . Parts Field Recycled . | . . . . . Retrieved Matter . | . . . . . Parts Self-Destructed . | . . . . . Prevented . | . . . . . Kills | -11 -10 -10 -10 -9 ------- Run | Scr Mat Min Exi Min Combat Hostiles Destroyed 17 | . 5 . . 12 Guns 3 | . 3 . . . AOE 14 | . 2 . . 12 Classes Destroyed 7 | . 4 1 . 2 Worker 1 | . 1 . . . Tunneler 2 | . . 1 . 1 Recycler 1 | . . . . 1 Watcher 1 | . 1 . . . Swarmer 3 | . 3 . . . Grunt 2 | . 2 . . . Assembled 12 | . . . . 12 Best Kill Streak 14 | . 4 1 . 14 Combat Bots Only 12 | . 3 . . 12 Max Kills in Single Turn 4 | . 3 1 . 4 Gunslinging . | . . . . . Exploded 3 | . 2 . . 3 Melee . | . . . . . Uniques/NPCs Destroyed . | . . . . . Combat | -11 -10 -10 -10 -9 -------- Run | Scr Mat Min Exi Min Damage Taken 928 | . 278 . . 650 Core 270 | . 97 . . 173 Absorbed by Shields . | . . . . . Core Remaining (%) 100 | 100 . . . . Volleys Fired 28 | . 19 1 . 8 Largest 2 | . 2 2 . 2 Hottest 70 | . 60 60 . 70 Shots Fired 56 | . 38 2 . 16 Gun 41 | . 38 2 . 1 Cannon . | . . . . . Launcher 15 | . . . . 15 Special . | . . . . . Kinetic 20 | . 19 1 . . Thermal . | . . . . . Explosive 15 | . . . . 15 Electromagnetic 21 | . 19 1 . 1 Robot Hit Streak 7 | . 7 2 . 2 Robot Miss Streak 2 | . 2 . . 1 Penetration Max . | . . . . . Secondary Targets . | . . . . . Shots Hit Robots 26 | . 22 2 . 2 Core Hits 41 | . 11 1 . 29 Critical Hits . | . . . . . Critical Kills . | . . . . . Critical Parts Destroyed . | . . . . . Melee Attacks . | . . . . . Impact . | . . . . . Slashing . | . . . . . Piercing . | . . . . . Sneak Attacks . | . . . . . Combat Hostiles . | . . . . . Follow-up Attacks . | . . . . . Damage Inflicted 1433 | . 374 24 . 1035 Guns 330 | . 306 24 . . Cannons . | . . . . . Explosions 1103 | . 68 . . 1035 Melee . | . . . . . Ramming . | . . . . . Kinetic 154 | . 142 12 . . Thermal 68 | . 68 . . . Explosive 1035 | . . . . 1035 Electromagnetic 176 | . 164 12 . . Impact . | . . . . . Slashing . | . . . . . Piercing . | . . . . . Highest Corruption 1 | . 1 1 1 1 Average Corruption 1 | . 1 1 1 1 Corruption Purged . | . . . . . Effects 2 | . . . 1 1 Message Errors 1 | . . . . 1 Energy Discharges 1 | . . . 1 . Overload Shots . | . . . . . Overflow Damage 30 | . . . . 30 Projectiles . | . . . . . Explosions 30 | . . . . 30 Melee . | . . . . . Knockbacks . | . . . . . Impact . | . . . . . Kinetic . | . . . . . Secondary . | . . . . . Self-Inflicted Damage 72 | . . . . 72 Shots 2 | . . . . 2 Rammed 1 | . 1 . . . Targets Rammed 1 | . 1 . . . Kicked . | . . . . . Crushed . | . . . . . Highest Temperature 84 | . 84 . . 12 Average Temperature 33 | . 49 . . 5 Received Heat Transfer 102 | . 102 . . . Siege Activations . | . . . . . Robots Corrupted . | . . . . . Combat Hostiles . | . . . . . Parts Fried 2 | . 2 . . . Impact Corruptions . | . . . . . Robots Melted . | . . . . . Combat Hostiles . | . . . . . Parts Melted . | . . . . . Heat Transferred 100 | . 100 . . . Parts Sabotaged . | . . . . . Parts Stolen . | . . . . . Parts Stripped . | . . . . . Power Chain Reactions 1 | . 1 . . . Missiles Intercepted . | . . . . . Alert | -11 -10 -10 -10 -9 ------- Run | Scr Mat Min Exi Min Peak Influence 209 | . 209 11 . 10 Initial 6 | . . 6 . . Average 42 | . 75 7 . 1 Maximum Alert Level 1 | . 1 . . . Low Security (%) 93 | 100 88 100 . 100 Level 1 6 | . 11 . . . Level 2 . | . . . . . Level 3 . | . . . . . Level 4 . | . . . . . Level 5 . | . . . . . High Security . | . . . . . Max Security . | . . . . . Squads Dispatched 1 | . 1 . . . Investigation 1 | . 1 . . . Extermination . | . . . . . Reinforcement . | . . . . . Assault . | . . . . . Garrison . | . . . . . Intercept . | . . . . . Construction Impeded . | . . . . . Haulers Reinforced . | . . . . . Stealth | -11 -10 -10 -10 -9 --------- Run | Scr Mat Min Exi Min Distress Signals 2 | . 2 . . . Communications Jammed . | . . . . . Distress Signals . | . . . . . Times Spotted 26 | . 11 . . 15 Peak Tracking Total 8 | . 4 . . 8 Tactical Retreats 1 | . 1 . . . Traps | -11 -10 -10 -10 -9 ------- Run | Scr Mat Min Exi Min Traps Triggered . | . . . . . Indirectly . | . . . . . Trap Hack Attempts . | . . . . . Triggered . | . . . . . Disarmed . | . . . . . Reprogrammed . | . . . . . Reused . | . . . . . Traps Extracted . | . . . . . Installed . | . . . . . Triggered . | . . . . . Machines | -11 -10 -10 -10 -9 ---------- Run | Scr Mat Min Exi Min Machines Disabled . | . . . . . Max in Single Turn . | . . . . . Machines Sabotaged . | . . . . . Garrisons Compromised . | . . . . . Overloaded Fab Kills . | . . . . . Fab Network Shutdowns . | . . . . . Hacking | -11 -10 -10 -10 -9 --------- Run | Scr Mat Min Exi Min Machines Accessed 7 | . 6 . 1 . Terminals 4 | . 4 . . . Fabricators . | . . . . . Repair Stations 1 | . 1 . . . Recycling Units 1 | . 1 . . . Scanalyzers . | . . . . . Garrison Access . | . . . . . Total Hacks 24 | . 23 . 1 . Successful 16 | . 15 . 1 . Failed 8 | . 8 . . . Catastrophic 1 | . 1 . . . Database Lockouts . | . . . . . Manual 10 | . 9 . 1 . Terminals 13 | . 13 . . . Fabricators . | . . . . . Repair Stations 6 | . 6 . . . Recycling Units 4 | . 4 . . . Scanalyzers . | . . . . . Garrison Access . | . . . . . Terminal Hacks 5 | . 4 . 1 . Prototype ID Bank 1 | . 1 . . . Alert Level 1 | . 1 . . . Unreport Threat 1 | . 1 . . . Zone Layout 1 | . 1 . . . EX-Prototype ID Bank 1 | . . . 1 . Fabricator Hacks . | . . . . . Repair Station Hacks 5 | . 5 . . . Scan Component 3 | . 3 . . . Repair 2 | . 2 . . . Recycling Unit Hacks 1 | . 1 . . . Report Inventory 1 | . 1 . . . Scanalyzer . | . . . . . Garrison Access Hacks . | . . . . . Unauthorized Hacks 5 | . 5 . . . Terminals 3 | . 3 . . . Botnet 2 | . 2 . . . Operators 1 | . 1 . . . Fabricators . | . . . . . Repair Stations . | . . . . . Recycling Units 2 | . 2 . . . Reject 1 | . 1 . . . Mask 1 | . 1 . . . Scanalyzers . | . . . . . Garrison Access . | . . . . . Data Cores Recovered . | . . . . . Used . | . . . . . Hacking Detections 6 | . 6 . . . Full Trace Events 1 | . 1 . . . Feedback Events . | . . . . . Feedback Blocked . | . . . . . Robot Schematics Acquired . | . . . . . Robots Built . | . . . . . Matter . | . . . . . Time . | . . . . . Total Robot Build Rating . | . . . . . Part Schematics Acquired . | . . . . . Parts Built . | . . . . . Matter . | . . . . . Time . | . . . . . Total Part Build Rating . | . . . . . Parts Repaired 2 | . 2 . . . Time 52 | . 52 . . . Parts Recycled . | . . . . . Recycled Matter . | . . . . . Retrieved Matter . | . . . . . Retrieved Components . | . . . . . Parts Scanalyzed . | . . . . . Part Schematics Acquired . | . . . . . Parts Damaged . | . . . . . Bothacking | -11 -10 -10 -10 -9 ------------ Run | Scr Mat Min Exi Min Used RIF Installer . | . . . . . Robots Hacked . | . . . . . Non-combat . | . . . . . Combat . | . . . . . Robot Hacks Applied . | . . . . . Relay Couplers Released . | . . . . . Robots Rewired . | . . . . . Allies Hacked . | . . . . . Hacks Repelled . | . . . . . Allies | -11 -10 -10 -10 -9 -------- Run | Scr Mat Min Exi Min Total Allies . | . . . . . Largest Group . | . . . . . Highest-Rated Group . | . . . . . Highest-Rated Ally . | . . . . . Total Orders . | . . . . . Ally Attacks . | . . . . . Total Damage . | . . . . . Kills . | . . . . . Allies Corrupted . | . . . . . Allies Melted . | . . . . . Intel | -11 -10 -10 -10 -9 ------- Run | Scr Mat Min Exi Min Robot Analysis Total . | . . . . . Derelict Logs Recovered . | . . . . . Drone Launches . | . . . . . Drone Recoveries . | . . . . . Exploration | -11 -10 -10 -10 -9 ------------- Run | Scr Mat Min Exi Min Turns Passed 1230 | 85 503 203 294 145 Spaces Moved 879 | 63 315 162 244 95 Core 14 | 13 . . . 1 Treads . | . . . . . Legs 865 | 50 315 162 244 94 Wheels . | . . . . . Hover . | . . . . . Flight . | . . . . . Fastest Speed 50 | 50 120 120 120 100 Average Speed 119 | 114 120 120 120 120 Slowest Speed 250 | 250 120 120 120 150 Overloaded Moves . | . . . . . Propulsion Burnouts . | . . . . . Robots Hopped . | . . . . . Cave-ins Triggered . | . . . . . Exploration Rate (%) 37 | 4 53 42 62 27 Regions Visited 4 Branch Regions 3 Pre-discovered Areas . | . . . . . Known Exits Taken . | . . . . . Unknown Exits Taken 4 | 1 1 1 1 . Scrap Searched 1 | . . 1 . . Spaces Dug . | . . . . . Terrain Destroyed 87 | . . . . 87 Melee . | . . . . . Projectile . | . . . . . AOE 87 | . . . . 87 Terrain Rammed . | . . . . . Walls Destroyed . | . . . . . Machines Disabled . | . . . . . Actions | -11 -10 -10 -10 -9 --------- Run | Scr Mat Min Exi Min Total 995 | 72 400 168 245 110 Wait 67 | . 61 6 . . Move 875 | 62 314 161 243 95 Hop . | . . . . . Pick Up 8 | 4 2 . 1 1 Fast Attach 9 | 6 3 . . . Attach 1 | . . . . 1 Detach . | . . . . . Swap 3 | . . . . 3 Drop 3 | . . . 1 2 Fire 28 | . 19 1 . 8 Melee . | . . . . . Ram . | . . . . . Kick 1 | . 1 . . . Crush . | . . . . . Escape Stasis . | . . . . . Rewire . | . . . . . Trap . | . . . . . Miscellaneous . | . . . . . Route ------- -11/Scrapyard -10/Materials -10/Mines (discovered 2 exits: [*Mat] / *Exi) -10/Exiles -9/Mines History --------- Turn | Location | Event 10 | -11/Scrapyard | Discovered new exit (range 16) 86 | -11/Scrapyard | Entered Materials 306 | -10/Materials | Build established: Mutant 326 | -10/Materials | Discovered new exit (range 15) 487 | -10/Materials | Repaired Ion Engine 515 | -10/Materials | Repaired Aluminum Leg 589 | -10/Materials | Entered Mines 607 | -10/Mines | Discovered new exit (range 7) 787 | -10/Mines | Deemed a non-threat by the Exiles lab entrance 787 | -10/Mines | Discovered new exit (range 5) 792 | -10/Mines | Entered Exiles 822 | -10/Exiles | Met 8R-AWN 843 | -10/Exiles | Met EX-HEX 887 | -10/Exiles | Met EX-BIN 903 | -10/Exiles | Aligned with FarCom system 904 | -10/Exiles | Given EX-Vault access code 934 | -10/Exiles | Opened EX-Vault 945 | -10/Exiles | Found Skeleton Box 970 | -10/Exiles | Warned to stay clear of 0b10 Research branches 1004 | -10/Exiles | Met EX-DEC 1070 | -10/Exiles | Discovered new exit (range 14) 1086 | -10/Exiles | Left Exiles lab with Skeleton Box 1086 | -10/Exiles | Entered Mines 1101 | -9/Mines | Received a Rocket Launcher from a helpful Derelict 1183 | -9/Mines | Assembled infested the area 1201 | -9/Mines | Core integrity fell below 50% 1231 | -9/Mines | Destroyed by D-53 Grenadier with Mini Grenade Launcher Last Messages --------------- 01219_ C-30 ARC bursts open, deploying its payload. 01219_ D-53 Grenadier unfolds itself. 01219_ T-07 Excavator destroyed. 01219_ K-01 Serf destroyed. 01219_ U-05 Engineer destroyed. 01220_ The unstable cave ceiling collapses. 01220_ U-05 Engineer lays Concrete. 01222_ The unstable cave ceiling collapses. 01222_ U-05 Engineer lays Concrete. 01227_ EM Pulse Gun destroyed. 01227_ Ion Engine destroyed. 01228_ U-05 Engineer lays Concrete. 01229_ Sensor Array destroyed. 01229_ Grenade Launcher destroyed. 01229_ Aluminum Leg destroyed. 01230_ The unstable cave ceiling collapses. 01230_ U-05 Engineer lays Concrete. 01230_ Dropped Lgt. Treads. 01231_ The unstable cave ceiling collapses. 01231_ U-05 Engineer lays Concrete. Map ----- +----------------------------------------------------+ | ?????????????????????????????????????????????????? | | ?????????????????????????????????????????????????? | | ?????????????????????????????????????????????????? | | ?????????????????????????????????????????????????? | | ?????????????????????????????????????????????????? | | ?????????????????????????????????????????????##### | | ????????????????????????????????????????????## # | | ????????????????????????????????????????????# | | ????????????????????????????????????????????# | | ????????????????????????????????????????????## | | ?????????????????????????????????????????????# | | ?????????????????????????????????????????????# | | ?????????????????????????????????????????????# | | ????????????# ??????????????????????????????## | | ???????? ?## ?????????????????????????????## | | ???????? # ???????????????????????????## | | ???????# ???????????????????????????# """ | | ???????# * ?????????????????????????## """ | | ??????? % #???????????????????????## """ | | ??????# #####?????????????????## | | ??????# ##???????????????## | | ???????# ######????####### | | ?????????# u #????# ## | | ????????????# dd ###### #### ### | | ??????????????# # #??## ### | | ???????????????# =@ #???## | | ???????????????# ######???## ##### | | ???????????????## # ##????????# ##???# | | ??????????????# ##?????????#####????# | | ??????????????# ####???????????????????# | | ??????????????# ] #??????????????????????# | | ?????????????# # ##??????????????????????? | | ???????????? aa # #???????????????????????? | | ???????????### #???????????????????????? | | ????????????# ##???????????????????????? | | ????????????## # ????????????????????????? | | ?????????????# ????????????????????????? | | ?????????????# ????????????????????????? | | ??????????????# # # ????????????????????????? | | ?????????????????### # #???????????????????????? | | ???????????????????? ?##????????????????????????? | | ?????????????????????????????????????????????????? | | ?????????????????????????????????????????????????? | | ?????????????????????????????????????????????????? | | ?????????????????????????????????????????????????? | | ?????????????????????????????????????????????????? | | ?????????????????????????????????????????????????? | | ?????????????????????????????????????????????????? | | ?????????????????????????????????????????????????? | | ?????????????????????????????????????????????????? | +----------------------------------------------------+ Best States ------------- Heat Dissipation 25 Energy Generation 10 Energy Capacity 250 Matter Stores 283 Matter Capacity 300 Sight Range 16 Robot Scan Range 10 Terrain Scan Density 10 Evasion (%) 40 Recoil Reduction 1 Item Schematics ----------------- None Robot Schematics ------------------ None Fabricated ------------ Nothing Alien Tech Used ----------------- None Achievements -------------- None Challenges ------------ None Game ------ Seed GammaShadeMegatreads Manual? 0 Play Time 00:14:59 Cumulative 19.6 hours Start 2021.11.29 @ 15:18:47 End 2022.03.07 @ 15:33:50 Sessions 2 Manual Loads 0 Difficulty Rogue Special Mode None Game No. 23 Rogue 23 Adventurer 0 Explorer 0 Win Type - Total 0 Types 0/0/0/0/0/0/0/0/0 Lore% 26 Gallery% 28 Achievement% 26 Wizard Run 0 Options --------- ASCII 0 Keyboard 0 Movement Numpad Keybinds 0 Fullscreen 1 Font 18/SmallcapsGlow Map View 76x50 Tactical HUD 1 Map Filters NONE Filters NONE Steam 1 RUN: 98ed5eb8-1caf-4ace-8862-a110b6af4cea